 Dungeon Crawl Stone Soup version 0.31-a0-816-gd61d57ddb1 (webtiles) character file.

Game seed: 180490176340574964

3229 Revguard the Trooper (level 9, -6/71 HPs)
             Began as a Ghoul Fighter on Sept 22, 2023.
             Was a Believer of Hepliaklqana.
             Splashed by a brown ugly thing's acid (9 damage)
             ... on level 8 of the Dungeon.
             The game lasted 00:20:20 (6931 turns).

Revguard the Trooper (Ghoul Fighter)                Turns: 6931, Time: 00:20:20

Health: -6/71      AC: 17    Str: 20    XL:     9   Next: 98%
Magic:  10/11      EV:  9    Int:  3    God:    Hepliaklqana [**....]
Gold:   397        SH:  0    Dex: 12    Spells: 8/8 levels left

rFire   . . .        k - +5 woodcutter's axe
rCold   + . .        (shield currently unavailable)
rNeg    + + +        i - +1 chain mail
rPois   ∞            A - +0 helmet
rElec   +            t - +0 cloak
rCorr   .            (no gloves)
SInv    +            l - +3 pair of boots of Qyumuuqugg {rElec SInv}
Will    .....        (no amulet) Stlth
                     (no ring)
HPRegen 0.00/turn    (no ring)
MPRegen 0.12/turn

%: no passive effects
@: inhibited regen, invisible (expiring)
A: reduced essence, claws 1, cold resistance 1, negative energy resistance 3,
inhibited regeneration, torment resistance 2, devour on kill
a: Renounce Religion, Recall Ancestor, Ancestor Identity


You were on level 8 of the Dungeon.
You worshipped Hepliaklqana.
Hepliaklqana was pleased with you.
You visited 2 branches of the dungeon, and saw 9 of its levels.
You also visited: Ossuary.

You collected 397 gold pieces.

Inventory:

Hand Weapons
 a - a +1 war axe
 k - the +5 woodcutter's axe (weapon)
   (You found it on level 3 of the Dungeon)
Armour
 c - a +0 buckler
 i - a +1 chain mail (worn)
 l - the +3 pair of boots of Qyumuuqugg (worn) {rElec SInv}
   (You found it on level 2 of the Dungeon)

   rElec:     It insulates you from electricity.
   SInv:      It lets you see invisible.
 p - a +0 kite shield
 t - a +0 cloak (worn)
 A - a +0 helmet (worn)
Jewellery
 m - a ring of ice
 y - a ring of protection from cold
Wands
 E - a wand of flame (22)
Scrolls
 g - 2 scrolls of silence
 h - 4 scrolls of teleportation
 n - a scroll of poison
 o - 5 scrolls of fear
 s - a scroll of amnesia
 u - 2 scrolls of immolation
 v - a scroll of fog
 z - 3 scrolls of enchant armour
 B - 3 scrolls of torment
 D - a scroll of enchant weapon
 F - a scroll of identify
Potions
 b - a potion of attraction
 d - a potion of haste
 e - a potion of cancellation
 f - 6 potions of curing
 j - a potion of resistance
 q - a potion of enlightenment
 w - a potion of might
 x - 2 potions of brilliance


   Skills:
 * Level 7.2 Fighting
 * Level 5.5 Axes
 + Level 5.0 Armour
 + Level 4.0 Dodging
 * Level 5.9 Shields
 + Level 4.8 Invocations
 + Level 3.9 Evocations


You had 8 spell levels left.
You didn't know any spells.
Your spell library contained the following spells:

 Spells                   Type           Power      Damage    Failure   Level
 Magic Dart               Conj           0%         1d3       99%         1
 Call Imp                 Summ           0%         N/A       100%        2
 Ensorcelled Hibernation  Hex/Ice        0%         N/A       100%        2
 Lesser Beckoning         Tloc           0%         N/A       100%        2
 Passwall                 Tmut/Erth      0%         N/A       100%        2
 Gell's Gravitas          Tloc           0%         N/A       100%        3
 Mephitic Cloud           Conj/Pois/Air  0%         N/A       100%        3
 Swiftness                Air            0%         N/A       100%        3
 Teleport Other           Tloc           0%         N/A       100%        3
 Tukima's Dance           Hex            0%         N/A       100%        3
 Dimensional Bullseye     Hex/Tloc       0%         N/A       100%        4
 Iskenderun's Mystic Bla  Conj/Tloc      0%         2d3       100%        4
 Passage of Golubria      Tloc           0%         N/A       100%        4
 Summon Forest            Summ/Tloc      0%         N/A       100%        5
 Yara's Violent Unravell  Hex/Tmut       0%         3d3       100%        5
 Eringya's Noxious Bog    Tmut/Pois      0%         4d6       100%        6
 Summon Hydra             Summ           0%         N/A       100%        7


Dungeon Overview and Level Annotations

Branches:
Dungeon (8/15)             Temple (1/1) D:7         Ossuary (visited)
   Lair: D:8-11

Altars:
Ashenzari
Cheibriados
Dithmenos
Fedhas
Gozag
Hepliaklqana
Kikubaaqudgha
Makhleb
Nemelex Xobeh
Okawaru
Qazlal
Ru
Sif Muna
Trog
Uskayaw
Vehumet
Wu Jian
Xom
Yredelemnul

Shops:
D:6 ?


Innate Abilities, Weirdness & Mutations

Your life essence is reduced to manifest your ancestor. (-10% HP)
You are immune to poison.
You have sharp fingernails.
Your flesh is cold resistant. (rC+)
You are immune to negative energy. (rN+++)
You do not regenerate when monsters are visible.
You are immune to unholy pain and torment.
You thrive by killing the living.


Message History

Psyche hits Cihuaton with a +0 dagger of chaos.
Cihuaton hits the brown ugly thing with a +0 dagger of draining.
The brown ugly thing claws Cihuaton.
Cihuaton is splashed with acid.
Cihuaton seems to be corroded for longer.
Cihuaton barely misses the brown ugly thing.
The acid dragon spits acid at the brown ugly thing.
The splash of acid hits the brown ugly thing!
You closely miss Psyche.
You strike the helpless cyclops from behind!
You hit the cyclops.
Cihuaton's magic is no longer disrupted.
Psyche looks encouraged for a moment.
Cihuaton gestures at the brown ugly thing while chanting.
The brown ugly thing seems to slow down.
The cyclops hits you!
The brown ugly thing claws Cihuaton!
Cihuaton is destroyed!
Psyche hits you but does no damage.
The brown ugly thing gurgles horribly!
You slash Psyche!
Psyche is moderately wounded.
You hit the cyclops but do no damage.
Psyche hits you with a +0 dagger of chaos.
You feel your power leaking away.
Unknown command.
You slice Psyche!!
Psyche is severely wounded.
You completely miss the cyclops. You slash the brown ugly thing!
You flicker for a moment.
Psyche barely misses you.
The gargoyle hurls a stone arrow at Psyche.
The stone arrow hits Psyche!
Psyche dies!
Your Armour skill increases to level 5!
Your Dodging skill increases to level 4!
The cyclops hits you!
* * * LOW HITPOINT WARNING * * *
The brown ugly thing claws you!
* * * LOW HITPOINT WARNING * * *
You are splashed with acid!
You die...

#.....####..#.......#
##......
#.....#..#..##.....##
#.......
#.....#..'..####.###
#.......
#.....#..#..##.... #
........
#.....#..#..#...... .
#.......
#.....#..#..#...### .#
#.......
#.....#..#..##...D##[#..
##...###
#######..#..###..9.5)...
###.... ...#....##@CK#
#.... ...#.....#.u##
#.... #.....#..# #....
#........# #....
#.....#.....# #....
#.....#....## #..##
#....###..## ....###
#### .....


You could see a brown ugly thing (unable to see you, slow), a cyclops (unable to
see you, drained), a kobold demonologist (unable to see you), an acid dragon
(unable to see you), a gargoyle (unable to see you, slow) and a white imp
(summoned, unable to see you).

Vanquished Creatures
  Jeremiah (D:7)
  A hornet (D:8)
  A wyvern (D:8)
  A steam dragon (D:7)
  A black bear (D:8)
  An ice beast (D:5)
  2 centaurs
  An ogre (D:4)
  2 phantoms (D:5)
  A kobold brigand (D:8)
  A gnoll sergeant (D:5)
  2 bullfrogs
  3 scorpions
  4 killer bees (D:7)
  2 centaur zombies (Ossuary)
  8 hounds
  A gnoll bouda (D:8)
  A human zombie (Ossuary)
  An orc priest (D:6)
  2 jellies
  6 iguanas
  A sleepcap (D:6)
  Natasha (twice) (D:3)
  4 orc wizards
  4 mummies (Ossuary)
  8 gnolls
  5 adders
  2 shadow imps (D:7)
  2 white imps (D:6)
  4 dart slugs
  15 orcs
  9 ball pythons
  7 endoplasms
  8 giant cockroaches
  6 goblins
  8 hobgoblins
  6 jackals (D:3)
  10 kobolds
  3 quokkas
  6 bats
  3 frilled lizards (D:2)
  A gnoll zombie (Ossuary)
  3 goblin zombies (Ossuary)
  A kobold zombie (Ossuary)
  5 rats
166 creatures vanquished.

Vanquished Creatures (collateral kills)
  A gnoll (D:8)
  An orc (D:8)
  A kobold (D:8)
3 creatures vanquished.

Vanquished Creatures (others)
  Psyche (D:8)
  A hexer (D:8)
  An ufetubus (D:7)
  An orc (D:7)
4 creatures vanquished.

Grand Total: 173 creatures vanquished

Notes
Turn   | Place    | Note
-------+----------+-------------------------------------------
     0 | D:1      | Revguard the Ghoul Fighter began the quest for the Orb.
     0 | D:1      | Reached XP level 1. HP: 19/19 MP: 0/0
    84 | D:1      | Reached XP level 2. HP: 24/26 MP: 1/1
   509 | D:1      | Reached XP level 3. HP: 29/31 MP: 2/2
   934 | D:2      | Reached skill level 1 in Dodging
  1059 | D:2      | Reached skill level 1 in Invocations
  1324 | D:2      | Reached XP level 4. HP: 40/40 MP: 3/3
  1327 | D:2      | Identified the +3 pair of boots of Qyumuuqugg {rElec SInv}
  1624 | D:3      | Reached skill level 1 in Evocations
  1665 | D:3      | Found the +5 woodcutter's axe
  1840 | D:3      | Noticed Natasha
  1850 | D:3      | Killed Natasha
  1851 | D:3      | Reached XP level 5. HP: 27/46 MP: 5/5
  1985 | D:3      | Noticed Natasha
  1994 | D:3      | Killed Natasha
  2372 | D:4      | Noticed an ogre
  2379 | D:4      | Killed an ogre
  2380 | D:4      | Reached skill level 4 in Fighting
  2380 | D:4      | Reached XP level 6. HP: 16/52 MP: 6/6
  3238 | D:5      | Entered Level 5 of the Dungeon
  3407 | D:5      | Reached XP level 7. HP: 47/60 MP: 7/7
  4151 | D:5      | Reached XP level 8. HP: 60/67 MP: 9/9
  4266 | D:5      | Reached skill level 5 in Fighting
  4573 | D:6      | Found Gacamyun's Magic Scroll Emporium.
  4605 | D:6      | Found a sand-covered staircase.
  4625 | Ossuary  | Entered an ossuary
  5302 | D:7      | Noticed Jeremiah
  5308 | D:7      | Killed Jeremiah
  5309 | D:7      | Reached skill level 6 in Fighting
  5309 | D:7      | Reached skill level 5 in Shields
  5309 | D:7      | Reached XP level 9. HP: 59/75 MP: 9/11
  5485 | D:7      | Found a staircase to the Ecumenical Temple.
  5493 | Temple   | Entered the Ecumenical Temple
  5577 | Temple   | Became a worshipper of Hepliaklqana the Forgotten
  5927 | D:7      | Reached * piety under Hepliaklqana
  5944 | D:7      | Found a sacrificial altar of Ru.
  6176 | D:8      | Reached skill level 5 in Axes
  6485 | D:8      | Noticed a hornet
  6498 | D:8      | Killed a hornet
  6718 | D:8      | Reached skill level 7 in Fighting
  6877 | D:8      | Reached ** piety under Hepliaklqana
  6878 | D:8      | Remembered your ancestor Cihuaton as a hexer
  6913 | D:8      | Noticed a gargoyle
  6915 | D:8      | Noticed a cyclops
  6918 | D:8      | Noticed Psyche
  6919 | D:8      | Noticed a kobold demonologist
  6923 | D:8      | Noticed a brown ugly thing
  6930 | D:8      | Killed Psyche
  6931 | D:8      | Reached skill level 5 in Armour
  6931 | D:8      | HP: 3/71 [brown ugly thing (12)]
  6931 | D:8      | Splashed by a brown ugly thing's acid

Illustrated notes

Levels and vault maps discovered:
D:1:      matt_arrival_diagonals, layout_basic, minmay_misc_feat_hallway,
          chequers_serial_rivers_micro_d, minmay_misc_feat_plants,
          minmay_worlds_worst_comb
D:2:      layout_loops_ring
D:3:      layout_loops_ring, kennysheep_big_empty_room, uniq_natasha
D:4:      layout_basic, kennysheep_donut, chequers_serial_rivers_micro_e,
          chequers_serial_rivers_room_a, st_stairs_8
D:5:      layout_gridville, hangedman_abyss_or_decor_stabs, supply_closet_lemuel
D:6:      layout_rooms, lightli_ossuary_entry_decrepit_ruins, serial_shops,
          shop, nicolae_titane
D:7:      layout_basic, nicolae_ru_sacrificial_ziggurat,
          minmay_temple_entry_statues_fountains, minmay_splitting_lines,
          minmay_misc_feat_five, st_stairs_3, uniq_jeremiah
D:8:      minmay_curly_fans, layout_gridville, uniq_psyche
Temple:   grunt_wide_crystal_templ

Skill      XL: |  1  2  3  4  5  6  7  8  9 |
---------------+----------------------------+-----
Axes           | 2 3 4 5 |  5.5
Dodging        | 1 2 3 4 |  4.0
Invocations    | 1 2 3 4 |  4.8
Shields        | 3 4 5 |  5.9
Evocations     | 1 2 3 |  3.9
Armour         | 3 4 5 |  5.0
Fighting       | 4 6 7 |  7.2

Action                     |  1- 3 |  4- 6 |  7- 9 || total
---------------------------+-------+-------+-------++-------
  Melee: War axe           |   103 |   182 |    68 ||   353
         Battleaxe         |       |       |   194 ||   194
 Invoke: Ancestor Life: He |       |       |     1 ||     1
    Use: Scroll            |       |     9 |    13 ||    22
         Potion            |       |     1 |     9 ||    10
   Stab: Invisible         |       |       |     2 ||     2
 Armour: Scale mail        |    68 |       |       ||    68
         Chain mail        |    12 |   178 |   265 ||   455
  Dodge: Dodged            |    47 |   111 |   127 ||   285
  Block: Buckler           |    28 |    63 |    22 ||   113
         Kite shield       |       |       |     7 ||     7

Table legend: (Time is in decaauts)
 A = Elapsed time spent in this place.
 B = Non-inter-level travel time spent in this place.
 C = Inter-level travel time spent in this place.
 D = Time resting spent in this place.
 E = Time spent auto-exploring this place.
 F = Levels seen in this place.
 G = Mean time per level.
                   A        B        C        D        E       F      G
               +--------+--------+--------+--------+--------+-----+--------+
         Total |   7065 |   6940 |    125 |    323 |   4882 |  10 |  706.5 |
       Dungeon |   6729 |   6613 |    116 |    323 |   4815 |   8 |  841.1 |
        Temple |     93 |     84 |      9 |      0 |      0 |   1 |   93.0 |
       Ossuary |    241 |    241 |      0 |      0 |     67 |   1 |  241.0 |
               +--------+--------+--------+--------+--------+-----+--------+

Top non-repeatable levels by time:
     D:5: 1357 daAuts
     D:4: 884 daAuts
     D:3: 880 daAuts
     D:1: 828 daAuts
     D:7: 774 daAuts
     D:8: 757 daAuts
     D:2: 751 daAuts
     D:6: 496 daAuts
 Ossuary: 241 daAuts
  Temple: 93 daAuts
